 Dungeon Crawl Stone Soup version 0.29-a0-233-g1125b37a9b (webtiles) character file.

Game seed: 14360671285639869424

76407 Orangeyouglad the Devastator (level 15, -5/92 HPs)
             Began as a Tengu Conjurer on Feb 28, 2022.
             Was an Elder of Vehumet.
             Slain by a two-headed ogre
             ... wielding a +0 giant club
              (23 damage)
             ... on level 15 of the Dungeon on Mar 2, 2022.
             The game lasted 02:13:03 (41121 turns).

Orangeyouglad the Devastator (Tengu Conjurer)      Turns: 41121, Time: 02:13:03

Health: -5/92      AC:  8    Str: 10    XL:     15   Next: 53%
Magic:  0/28       EV: 27    Int: 27    God:    Vehumet [****..]
Gold:   1533       SH:  9    Dex: 22    Spells: 7/30 levels left

rFire   . . .      SeeInvis .   e - +7 quick blade
rCold   . . .      Faith    .   H - +3 buckler {reflect}
rNeg    + + .      Spirit   +   k - +2 robe {Will+}
rPois   +          Reflect  +   (helmet restricted)
rElec   .          Harm     .   T - +2 ratskin cloak {*Rats rPois rN+ Str-1 Int-1 Dex+1}
rCorr   +          Rampage  .   O - +0 pair of fencer's gloves {Riposte Dex+3}
Will    ++...                   (boots unavailable)
Stlth   +++.......              M - amulet of guardian spirit
HPRegen 0.25/turn               V - ring "Xeovviuf" {rN+ rCorr Int+7 Dex-2}
MPRegen 0.21/turn               g - +6 ring of dexterity

@: flying quickly and evasively, quick
A: beak, talons 3, nimble flight
a: Renounce Religion


You were on level 15 of the Dungeon.
You worshipped Vehumet.
Vehumet was greatly pleased with you.
You visited 3 branches of the dungeon, and saw 22 of its levels.
You also visited: Sewer, Bailey and Gauntlet.

You collected 1583 gold pieces.
You spent 50 gold pieces at shops.

Inventory:

Hand Weapons
 e - a +7 quick blade (weapon)
Armour
 k - a +2 robe of willpower (worn)
 H - a +3 buckler of reflection (worn)
 K - a scarf of resistance
 O - the +0 pair of fencer's gloves (worn) {Riposte Dex+3}
   (You found it on level 8 of the Dungeon)

   It allows the wearer to riposte with melee weapons, swiftly retaliating
   against missed attacks.
   Dex:       It affects your dexterity (+3).
 T - the +2 ratskin cloak (worn) {*Rats rPois rN+ Str-1 Int-1 Dex+1}
   (You found it on level 8 of the Dungeon)

   When the wearer is hurt, rats may emerge from it to assist them.
   Str:       It affects your strength (-1).
   Int:       It affects your intelligence (-1).
   Dex:       It affects your dexterity (+1).
   rPois:     It protects you from poison.
   rN:        It protects you from negative energy.
Jewellery
 g - a +6 ring of dexterity (right hand)
 m - a ring of willpower
 M - an amulet of guardian spirit (around neck)
 V - the ring "Xeovviuf" (left hand) {rN+ rCorr Int+7 Dex-2}
   (You took it off a minotaur in a Gauntlet)

   [ring of positive energy]

   Int:       It affects your intelligence (+7).
   Dex:       It affects your dexterity (-2).
   rN:        It protects you from negative energy.
   rCorr:     It protects you from acid and corrosion.
 X - a ring of see invisible
Wands
 a - a wand of digging (9)
 l - a wand of polymorph (7)
 n - a wand of charming (8)
 y - a wand of iceblast (15)
 E - a wand of acid (6)
 N - a wand of mindburst (3)
Scrolls
 c - 5 scrolls of fog
 d - 6 scrolls of immolation
 f - 3 scrolls of magic mapping
 h - 4 scrolls of noise {unknown}
 p - 12 scrolls of teleportation
 q - 5 scrolls of enchant armour
 r - 3 scrolls of summoning
 u - 3 scrolls of blinking
 C - a scroll of fear
 D - 4 scrolls of torment
 F - 4 scrolls of vulnerability
 Q - 3 scrolls of amnesia
Potions
 b - 2 potions of ambrosia
 i - 7 potions of degeneration {unknown}
 j - 5 potions of haste
 s - 7 potions of curing
 t - 5 potions of lignification
 w - a potion of magic {unknown}
 x - 6 potions of heal wounds
 z - 7 potions of brilliance
 A - 7 potions of invisibility
 B - a potion of cancellation
 G - 2 potions of resistance {unknown}
 J - 3 potions of flight {unknown}
 S - 4 potions of attraction {unknown}
 W - a potion of might
 Y - 2 potions of berserk rage
Miscellaneous
 P - a phial of floods


   Skills:
 - Level 10.0 Fighting
 - Level 8.0 Short Blades
 + Level 13.5 Dodging
 - Level 5.0 Stealth
 - Level 6.0 Shields
 - Level 8.0 Spellcasting
 - Level 15.0 Conjurations
 - Level 10.0 Summonings
 - Level 9.0 Fire Magic
 - Level 12.0 Air Magic


You had 7 spell levels left.
You knew the following spells:

 Your Spells              Type           Power      Damage    Failure   Level
a - Magic Dart            Conj           100%       1d8       0%          1
b - Shock                 Conj/Air       100%       1d9       1%          1
c - Swiftness             Air            66%        N/A       1%          3
d - Sticky Flame          Conj/Fire      66%        2d8       1%          4
e - Airstrike             Air            33%        N/A       1%          4
f - Static Discharge      Conj/Air       71%        N/A       1%          2
g - Call Imp              Summ           59%        N/A       1%          2
h - Starburst             Conj/Fire      33%        6d10      2%          6

Your spell library contained the following spells:

 Spells                   Type           Power      Damage    Failure   Level
 Hailstorm                Conj/Ice       50%        3d11      1%          4
 Searing Ray              Conj           100%       2d8       0%          2
 Corpse Rot               Necr/Air       86%        N/A       1%          2
 Poisonous Vapours        Pois/Air       86%        N/A       1%          2
 Conjure Flame            Conj/Fire      66%        6-21      1%          3
 Dazzling Flash           Conj/Hex       100%       N/A       1%          3
 Ignite Poison            Fire/Tmut/Pois 27%        N/A       1%          3
 Mephitic Cloud           Conj/Pois/Air  56%        N/A       1%          3
 Stone Arrow              Conj/Erth      100%       3d13      1%          3
 Fulminant Prism          Conj/Hex       25%        3d14      1%          4
 Iskenderun's Mystic Bla  Conj/Tloc      50%        2d11      1%          4
 Fireball                 Conj/Fire      33%        3d14      1%          5
 Animate Skeleton         Necr           20%        N/A       7%          1
 Apportation              Tloc           20%        N/A       7%          1
 Beastly Appendage        Tmut           20%        N/A       7%          1
 Pain                     Necr           40%        1d6       7%          1
 Sting                    Tmut/Pois      40%        1d5       7%          1
 Animate Armour           Summ/Erth      74%        N/A       9%          4
 Wereblood                Tmut           10%        N/A       10%         2
 Silence                  Hex/Air        21%        N/A       16%         5
 Olgreb's Toxic Radiance  Pois           10%        N/A       17%         4
 Gell's Gravitas          Tloc           10%        N/A       21%         3
 Lesser Beckoning         Tloc           10%        N/A       21%         3
 Ozocubu's Armour         Ice            10%        N/A       21%         3
 Spider Form              Tmut/Pois      10%        N/A       21%         3
 Teleport Other           Tloc           10%        N/A       21%         3
 Tukima's Dance           Hex            10%        N/A       21%         3
 Vampiric Draining        Necr           10%        2d6       21%         3
 Yara's Violent Unravell  Hex/Tmut       5%         3d4       41%         5
 Animate Dead             Necr           5%         N/A       54%         4
 Passage of Golubria      Tloc           10%        N/A       54%         4
 Alistair's Intoxication  Tmut/Pois      6%         N/A       88%         5
 Borgnjor's Vile Clutch   Necr/Erth      5%         N/A       88%         5
 Metabolic Englaciation   Hex/Ice        5%         N/A       88%         5
 Eringya's Noxious Bog    Tmut/Pois      5%         N/A       91%         6
 Simulacrum               Ice/Necr       5%         N/A       100%        6
 Haunt                    Necr/Summ      18%        N/A       100%        7
 Ozocubu's Refrigeration  Ice            5%         4d6       100%        7
 Ignition                 Fire           28%        3d9       92%         8
 Lehudib's Crystal Spear  Conj/Erth      25%        10d7      99%         8
 Infestation              Necr           5%         N/A       100%        8


Dungeon Overview and Level Annotations

Branches:
Dungeon (15/15)            Temple (1/1) D:7            Lair (6/6) D:10
 Shoals (0/4) Lair:2       Spider (0/4) Lair:4        Slime (0/5) Lair:5
    Orc (0/2) D:11         Vaults (0/5) D:13         Depths (0/4) D:15
  Sewer (visited)          Bailey (visited)         Gauntlet (visited)

Altars:
Ashenzari
Cheibriados
Dithmenos
Elyvilon
Fedhas
Gozag
Hepliaklqana
Kikubaaqudgha
Makhleb
Nemelex Xobeh
Okawaru
Qazlal
Ru
Sif Muna
Trog
Uskayaw
Vehumet
Wu Jian
Xom
Yredelemnul
Zin
The Shining One
Beogh
Jiyva

Shops:
D:1 *   D:9 =

Annotations:
Lair:6 exclusion: obsidian statue


Innate Abilities, Weirdness & Mutations

You have a beak for a mouth.
You have claws for feet.
Your magical nature lets you fly swiftly and evasively.


Message History

The zap hits something.
The zap hits the two-headed ogre but does no damage.
The two-headed ogre is severely wounded.
The zap hits the ogre!
The ogre is severely wounded.
Something misses you.
A two-headed ogre comes into view. It is wielding two +0 giant clubs.
Aiming: Shock (safe; 1% risk of failure)
Press: ? - help, Q - select action, (/) - cycle Shift-Dir - straight line, f/p - ogre
Aim: an ogre, wielding a +0 giant club (severely wounded, 88% to hit)
The zap hits something.
The zap hits the two-headed ogre!
The two-headed ogre is almost dead.
The zap hits the ogre.
The ogre is severely wounded.
Something hits you!
A hell rat scurries out from under your cloak.
Aiming: Shock (safe; 1% risk of failure)
Press: ? - help, Q - select action, (/) - cycle Shift-Dir - straight line, f/p - ogre
Aim: an ogre, wielding a +0 giant club (severely wounded, ally target, 88% to hit)
The zap hits something.
The zap hits the two-headed ogre.
The two-headed ogre is almost dead.
The zap hits the ogre.
The ogre is severely wounded.
Something closely misses you.
Aiming: Shock (safe; 1% risk of failure)
Press: ? - help, Q - select action, (/) - cycle Shift-Dir - straight line, f/p - ogre
Aim: an ogre, wielding a +0 giant club (severely wounded, ally target, 88% to hit)
The zap hits the two-headed ogre.
The two-headed ogre is almost dead.
The zap hits the ogre!
You kill the ogre!
Vehumet accepts your kill.
You feel your power returning.
Your crimson imp blinks!
You hear some strange, mumbled words.
A bolt of magma appears from out of thin air!
The bolt of magma hits you!!!
* * * LOW HITPOINT WARNING * * *
The two-headed ogre hits you with a +0 giant club!!
You die...

..##.#** #.###..#
**,******,*** ..##.#,*
#.# #..# *,,,,,,,,,,*
..##.#,***#.# #..#
*,,*****,*,*
.....#,,,,..#
#..####...,,,*,*,**
..##.#,***###
#........#**,*,,,,,
####?#,*
##)#......,,,***,,* #
#.#,* #O#.##.##**** *,,*
####.#,* #{#,#*,# *,,*
.....#.#
******#@#,**,********,,*
##.....#
#5....r§O.#*,,,,,,,,,,,*
##(#####
#.####.####***********,*
##.# *,* #.* *********,*
##.# *,* #.* *,,,,,,,,,*
##.# *,* #.* *,*********
#.# *,* #.* *,* #.# *,*
#.*******,* #.#******,*
*,,,,,,,,,*


You could see 2 two-headed ogres, a friendly hell rat and a friendly crimson imp
(summoned).

Vanquished Creatures
  3 vault guards (D:13)
  5 hydras
  3 boulder beetles
  Fannar (D:12)
  Erolcha (D:10)
  A catoblepas (Lair:6)
  A ghost crab (Gauntlet)
  3 centaur warriors
  2 two-headed ogres
  A radroach (shapeshifter) (D:8)
  The ghost of Cecur the Protected, a novice FoFi of Hepliaklqana (D:7)
  A tengu warrior (D:14)
  Sonja (D:10)
  6 skeletal warriors
  4 wizards
  3 deep elf pyromancers
  3 necromancers
  6 ugly things
  3 manticores
  4 cyclopes
  A cyclops (shapeshifter) (D:13)
  A moth of wrath (D:7)
  2 dire elephant zombies (Lair:6)
  2 black mambas
  16 elephants
  3 torpor snails
  3 gargoyles
  A dire elephant skeleton (Lair:6)
  12 cane toads
  2 unseen horrors
  3 freezing wraiths (D:15)
  8 komodo dragons
  2 tengu conjurers
  2 efreet
  2 meliai (D:15)
  A polar bear (Lair:4)
  5 trolls
  A queen bee (Gauntlet)
  13 slime creatures
  2 hornets
  16 blink frogs
  4 dream sheep (Lair:6)
  2 spectral elephants (Lair:6)
  A shadow (D:11)
  4 vampires
  2 jumping spiders (Lair:4)
  15 humans (D:13)
  2 wraiths
  37 yaks
  2 basilisks
  A dire elephant simulacrum (Lair:6)
  A death yak simulacrum (Lair:6)
  7 wyverns
  15 vampire mosquitoes
  2 redbacks
  A spectral cane toad (Lair:6)
  2 swamp worms (Lair:3)
  Duvessa (D:5)
  12 water moccasins
  Edmund (D:6)
  2 acid dragons
  2 sky beasts
  8 orc warriors
  3 elephant zombies (Lair:6)
  2 ice beasts
  7 black bears
  2 ogres
  23 centaurs
  Blork the orc (D:5)
  3 kobold brigands
  2 necrophages
  4 scorpions
  13 bullfrogs
  A cane toad simulacrum (Lair:6)
  13 wights
  Dowan (D:5)
  An elephant simulacrum (Lair:6)
  9 killer bees
  5 vampire bats (Bailey)
  10 electric eels
  3 howler monkeys
  A crimson imp (D:9)
  8 wolf zombies (Bailey)
  A centaur zombie (D:7)
  3 hounds
  2 jellies
  9 orc priests
  2 iguanas
  9 orc wizards
  A killer bee zombie (D:7)
  2 mummies
  4 gnolls
  4 adders
  A shadow imp (D:8)
  2 white imps
  An ufetubus (D:7)
  A worm (D:3)
  12 dart slugs
  21 orcs
  9 bats
  10 endoplasms
  8 giant cockroaches
  7 goblins
  5 hobgoblins
  27 kobolds
  4 quokkas
  10 ball pythons
  7 frilled lizards
  18 orc zombies (Bailey)
  7 rats
574 creatures vanquished.

Vanquished Creatures (collateral kills)
  A minotaur (Gauntlet)
1 creature vanquished.

Vanquished Creatures (others)
  A bullfrog (Lair:5)
  31 fungi
  92 plants
  37 withered plants
161 creatures vanquished.

Grand Total: 736 creatures vanquished

Notes
Turn   | Place    | Note
-------+----------+-------------------------------------------
     0 | D:1      | Orangeyouglad the Tengu Conjurer began the quest for the
                  | Orb.
     0 | D:1      | Reached XP level 1. HP: 10/10 MP: 4/4
   111 | D:1      | Learned a level 1 spell: Shock
   186 | D:1      | Reached XP level 2. HP: 15/15 MP: 4/6
   271 | D:1      | Found a faded altar of an unknown god.
   566 | D:1      | Reached skill level 1 in Air Magic
   622 | D:1      | Reached XP level 3. HP: 13/19 MP: 4/7
   954 | D:1      | You fall into a shaft and drop 1 floor!
  1172 | D:1      | Found Olaorijo's General Store.
  1180 | D:1      | Bought a potion of curing for 30 gold pieces
  1409 | D:2      | Reached XP level 4. HP: 24/24 MP: 3/8
  2244 | D:3      | Reached skill level 6 in Conjurations
  2244 | D:3      | Gained mutation: Your magical nature lets you fly swiftly
                  | and evasively. [Tengu growth]
  2244 | D:3      | Reached XP level 5. HP: 28/28 MP: 5/10
  3020 | D:2      | HP: 1/28 [poisoned by a gnoll]
  3367 | D:3      | Reached XP level 6. HP: 19/32 MP: 1/11
  4337 | D:4      | Found a glowing drain.
  4343 | Sewer    | Entered a sewer
  5063 | D:4      | Learned a level 3 spell: Swiftness
  5110 | D:4      | Reached XP level 7. HP: 30/36 MP: 13/13
  5351 | D:4      | Reached skill level 7 in Conjurations
  5854 | D:5      | Entered Level 5 of the Dungeon
  5924 | D:5      | HP: 1/36 [black bear (5)]
  6337 | D:5      | Noticed Blork the orc
  6340 | D:5      | Noticed Duvessa
  6343 | D:5      | Noticed Dowan
  6348 | D:5      | Killed Blork the orc
  6349 | D:5      | Reached XP level 8. HP: 16/41 MP: 12/15
  6616 | D:5      | Reached skill level 5 in Dodging
  6616 | D:5      | Reached skill level 5 in Air Magic
  7044 | D:5      | Reached skill level 5 in Stealth
  7191 | D:5      | Killed Dowan
  7282 | D:5      | HP: 2/41 [Duvessa/+0 rapier (19)]
  7283 | D:5      | Killed Duvessa
  7284 | D:5      | Reached skill level 1 in Fighting
  8123 | D:5      | Learned a level 4 spell: Sticky Flame
  8539 | D:6      | Reached skill level 8 in Conjurations
  8567 | D:6      | Noticed Edmund
  8585 | D:6      | Killed Edmund
  8917 | D:6      | Identified a scroll of acquirement
  8919 | D:6      | Acquired a +4 quick blade
  8998 | D:6      | Reached XP level 9. HP: 16/48 MP: 17/17
  9422 | D:6      | Reached skill level 5 in Spellcasting
 10008 | D:7      | Found a transporter.
 10074 | D:7      | Reached skill level 5 in Short Blades
 10242 | D:7      | Noticed Cecur's ghost (novice FoFi)
 10256 | D:7      | Noticed a moth of wrath
 10293 | D:7      | Found a staircase to the Ecumenical Temple.
 10350 | D:7      | Found a flagged portal.
 10361 | Bailey   | Entered a bailey
 11024 | Bailey   | Noticed a gargoyle
 11334 | Bailey   | Reached XP level 10. HP: 48/54 MP: 18/18
 11341 | Bailey   | Reached skill level 1 in Fire Magic
 11601 | Bailey   | Learned a level 4 spell: Airstrike
 11618 | Bailey   | Killed a gargoyle
 11818 | Bailey   | Reached skill level 9 in Conjurations
 12464 | Temple   | Entered the Ecumenical Temple
 13057 | Temple   | Became a worshipper of Vehumet
 13920 | D:7      | Found a transporter.
 14076 | D:7      | HP: 2/58 [hornet (6)]
 14483 | D:8      | Noticed a manticore
 14645 | D:8      | Reached skill level 5 in Fighting
 14671 | D:8      | Reached * piety under Vehumet
 14671 | D:8      | Offered knowledge of Sandblast by Vehumet.
 14802 | D:8      | Reached XP level 11. HP: 59/63 MP: 19/19
 15178 | D:8      | Reached skill level 5 in Fire Magic
 15800 | D:8      | Found the +0 pair of fencer's gloves {Riposte Dex+3}
 15850 | D:8      | Found the +2 ratskin cloak {*Rats rPois rN+ Str-1 Int-1
                  | Dex+1}
 15999 | D:8      | Noticed a fire dragon
 16114 | D:8      | Noticed an ettin
 16942 | D:9      | Offered knowledge of Static Discharge by Vehumet.
 16949 | D:9      | Learned a level 2 spell: Static Discharge
 16952 | D:9      | Learned a level 2 spell: Call Imp
 16990 | D:9      | Found Rafutt's Jewellery Shoppe.
 17211 | D:9      | Noticed a wizard
 17469 | D:9      | Killed a wizard
 17645 | D:10     | Entered Level 10 of the Dungeon
 17710 | D:10     | Reached skill level 1 in Summonings
 17850 | D:10     | Reached ** piety under Vehumet
 17859 | D:10     | Reached skill level 10 in Air Magic
 18322 | D:10     | Noticed Sonja
 18335 | D:10     | Killed Sonja
 18499 | D:10     | Noticed Erolcha
 18506 | D:10     | Killed Erolcha
 18912 | D:10     | Noticed a two-headed ogre
 18916 | D:10     | Killed a two-headed ogre
 18917 | D:10     | Reached XP level 12. HP: 70/70 MP: 13/20
 19044 | D:10     | Found a shadowy altar of Dithmenos.
 19448 | D:10     | Reached skill level 10 in Conjurations
 19653 | D:10     | Found a staircase to the Lair.
 19818 | Lair:1   | Entered Level 1 of the Lair of Beasts
 20185 | Lair:1   | Reached skill level 5 in Summonings
 20515 | Lair:1   | Offered knowledge of Inner Flame by Vehumet.
 20739 | Lair:1   | Reached skill level 10 in Dodging
 20988 | Lair:2   | Found a staircase to the Shoals.
 21493 | D:1      | Bought a scroll of identify for 20 gold pieces
 21908 | Lair:2   | Reached skill level 11 in Conjurations
 22541 | Lair:3   | Reached *** piety under Vehumet
 22551 | Lair:3   | Learned a level 6 spell: Starburst
 23736 | Lair:3   | Offered knowledge of Flame Wave by Vehumet.
 24751 | Lair:4   | Found a hole to the Spider Nest.
 24757 | Lair:4   | Reached XP level 13. HP: 76/76 MP: 12/23
 25427 | Lair:5   | Found a viscous altar of Jiyva.
 25429 | Lair:5   | Found a staircase to the Slime Pits.
 25460 | Lair:5   | Reached skill level 12 in Conjurations
 25595 | Lair:5   | You are sucked into a shaft and drop 1 floor!
 25595 | Lair:6   | Entered Level 6 of the Lair of Beasts
 25770 | Lair:6   | Reached **** piety under Vehumet
 25980 | Lair:6   | Offered knowledge of Frozen Ramparts by Vehumet.
 27092 | Lair:6   | Reached skill level 13 in Conjurations
 27260 | Lair:6   | Noticed a dire elephant
 27938 | Lair:6   | Noticed a dire elephant
 27938 | Lair:6   | Noticed a dire elephant
 28954 | Lair:6   | Reached ***** piety under Vehumet
 29103 | Lair:6   | Offered knowledge of Hailstorm by Vehumet.
 29104 | Lair:6   | Reached XP level 14. HP: 75/84 MP: 19/24
 29282 | Lair:6   | Reached skill level 14 in Conjurations
 29396 | Lair:6   | Identified the ring "Xyunax" {Ice Fly Will+ MP-9 Slay+3}
 30128 | D:7      | Killed Cecur's ghost
 30142 | D:7      | Identified the +0 pair of gloves of the Unstoppable Quests
                  | {Dex+6}
 32010 | D:11     | Reached skill level 1 in Shields
 32202 | D:11     | Found a staircase to the Orcish Mines.
 33390 | D:12     | Noticed Fannar
 33427 | D:12     | Killed Fannar
 35178 | D:13     | Reached skill level 10 in Fighting
 35178 | D:13     | Reached skill level 15 in Conjurations
 35773 | D:13     | Found a gate to the Vaults.
 35780 | D:13     | Reached XP level 15. HP: 92/92 MP: 8/27
 36164 | D:13     | Found a snail-covered altar of Cheibriados.
 36265 | D:13     | Reached skill level 5 in Shields
 36373 | D:14     | Identified the +1 leather armour of the Shining Light
                  | {MP+9}
 37595 | D:14     | Found a broken altar of Ashenzari.
 37996 | D:15     | Entered Level 15 of the Dungeon
 38059 | D:15     | Found a gate leading to a gauntlet.
 38072 | Gauntlet | Entered a Gauntlet
 38072 | Gauntlet | Found a transporter.
 38072 | Gauntlet | Found a transporter.
 38086 | Gauntlet | Found a transporter.
 38089 | Gauntlet | Found a transporter.
 38089 | Gauntlet | Found a transporter.
 38116 | Gauntlet | Found a transporter.
 38120 | Gauntlet | Found a transporter.
 38246 | Gauntlet | Found a transporter.
 38247 | Gauntlet | Found a transporter.
 38247 | Gauntlet | Found a transporter.
 38395 | Gauntlet | Found a transporter.
 38527 | Gauntlet | Found a transporter.
 38602 | Gauntlet | Identified the ring "Beologus" {rC+ Stlth+}
 38621 | Gauntlet | Found a transporter.
 38711 | Gauntlet | Identified the ring "Xeovviuf" {rN+ rCorr Int+7 Dex-2}
 39291 | D:15     | Upgraded the game from 0.29-a0-231-g945431f764 to
                  | 0.29-a0-233-g1125b37a9b
 39960 | D:15     | Reached skill level 10 in Summonings
 41121 | D:15     | Slain by a two-headed ogre

Illustrated notes

Levels and vault maps discovered:
D:1:      wander_arrival_peaceful_grave, layout_basic,
          chequers_ecumenical_altar_island, serial_shops, shop,
          kennysheep_doodads, lemuel_old_faithful
D:2:      layout_basic
D:3:      layout_basic, kennysheep_orc_chapel
D:4:      kennysheep_slugbush, layout_cave_pools, gup_sewer_entry_pipe
D:5:      layout_cave_pools, uniq_blork_the_orc, uniq_duvessa
D:6:      layout_basic, corexii_checkpoint_b, minmay_fractal_squares_diagonal_5,
          uniq_edmund
D:7:      layout_rooms, minmay_temple_entry_ruins,
          gammafunk_ghost_berserking_beasts, enter_bailey_6, serial_undead,
          serial_undead_a, serial_undead_f, serial_undead_c, serial_undead_b,
          hex_intersection, chequers_serial_rivers_large_a
D:8:      minmay_the_grid_square_5x5_3x3 [minmay_the_grid_square_5x5_slash,
          minmay_the_grid_square_5x5_three_small,
          minmay_the_grid_square_5x5_pentomino_r,
          minmay_the_grid_square_5x5_inset,
          minmay_the_grid_square_5x5_megaprize_checkered,
          minmay_the_grid_square_5x5_intrusive_squares,
          minmay_the_grid_square_5x5_comb, minmay_the_grid_square_5x5_trominoes,
          minmay_the_grid_square_5x5_checkered], layout_loops_ring
D:9:      layout_stronghold, serial_shops, nicolae_square_shop,
          lightli_wizard_tower
D:10:     layout_basic, mainiacjoe_overflow_alcove_1,
          grunt_lair_entry_orc_guard_hut, uniq_sonja, uniq_erolcha
D:11:     layout_basic, orc_0_dummy, minmay_misc_feat_doors,
          kennysheep_small_square
D:12:     layout_grid_maze, minivault_4, uniq_fannar
D:13:     layout_basic, grunt_vaults_entry_tiered, slow_altar_1
D:14:     layout_basic, cheibrodos_ashenzari_chains
D:15:     grunt_enter_depths_giant_problem, layout_basic,
          portal_ice_cave_entry_horrid_things, gauntlet_entry_generic,
          nicolae_blasting_shop
Temple:   mainiacjoe_temple_starburst
Lair:1:   layout_regular_city
Lair:2:   layout_long_grid, minmay_shoals_entry_centaurs
Lair:3:   layout_concentric_octagons, serial_bayou, serial_bayou_pond_e,
          serial_bayou_lagoon_a, serial_bayou_lake_a, serial_bayou_pond_b,
          worms_lemuel, lemuel_fruit_fields, lemuel_fruit_tree
Lair:4:   layout_misc_corridors, spider_nest_entry_a, amcnicky_mini_pool_medium,
          infiniplex_staircase_pool_2
Lair:5:   layout_hall_layers, slime_altar_1
Lair:6:   due_jungle_book, layout_gridlike, grunt_megastairs_3

Skill      XL: |  1  2  3  4  5  6  7  8  9 10 11 12 13 14 15 |
---------------+----------------------------------------------+-----
Air Magic      | 1 2 3 4 6 8 10 11 12 | 12.0
Dodging        | 3 4 5 6 7 9 10 12 13 | 13.5
Conjurations   | 6 7 8 9 11 13 15 | 15.0
Stealth        | 3 4 5 |  5.0
Spellcasting   | 3 4 5 6 7 8 |  8.0
Fighting       | 2 5 6 8 10 | 10.0
Short Blades   | 8 |  8.0
Fire Magic     | 4 7 8 9 |  9.0
Summonings     | 4 7 8 10 | 10.0
Shields        | 4 6 |  6.0

Action                   |  1- 3 |  4- 6 |  7- 9 | 10-12 | 13-15 || total
-------------------------+-------+-------+-------+-------+-------++-------
Melee: Short sword       |       |     3 |       |       |       ||     3
       Kick              |       |     2 |    12 |    80 |   217 ||   311
       Peck              |       |     2 |     2 |    39 |   135 ||   178
       Dagger            |       |     4 |     6 |       |       ||    10
       Quick blade       |       |       |    23 |   144 |   322 ||   489
       Punch             |       |       |       |     4 |     2 ||     6
 Cast: Magic Dart        |    58 |   113 |   147 |    89 |    24 ||   431
       Shock             |     4 |    62 |   190 |   186 |   228 ||   670
       Swiftness         |       |       |     3 |     1 |     1 ||     5
       Airstrike         |       |       |       |   179 |   145 ||   324
       Sticky Flame      |       |       |       |    24 |    52 ||    76
       Static Discharge  |       |       |       |    12 |    30 ||    42
       Call Imp          |       |       |       |     7 |    27 ||    34
       Starburst         |       |       |       |       |    74 ||    74
Evoke: Wand              |       |       |     3 |       |    19 ||    22
  Use: Potion            |       |     1 |     1 |     4 |     3 ||     9
       Scroll            |       |     2 |     5 |    11 |    12 ||    30
 Stab: Sleeping          |       |       |     1 |     2 |       ||     3
       Distracted        |       |       |       |       |     1 ||     1
Armor: Robe              |       |     7 |    19 |    33 |    45 ||   104
Dodge: Dodged            |     3 |    35 |   129 |   233 |   368 ||   768
Block: Other             |       |       |       |    19 |    48 ||    67
       Reflection        |       |       |       |     5 |    22 ||    27
       Buckler           |       |       |       |       |   130 ||   130
       Rpst.: Quick blade |       |       |       |    35 |    72 ||   107

Table legend: (Time is in decaauts)
 A = Elapsed time spent in this place.
 B = Non-inter-level travel time spent in this place.
 C = Inter-level travel time spent in this place.
 D = Time resting spent in this place.
 E = Time spent auto-exploring this place.
 F = Levels seen in this place.
 G = Mean time per level.
                   A        B        C        D        E       F      G
               +--------+--------+--------+--------+--------+-----+--------+
         Total |  39099 |  36249 |   2850 |  15088 |  13411 |  25 | 1564.0 |
       Dungeon |  26043 |  23730 |   2313 |  10096 |   8776 |  15 | 1736.2 |
        Temple |    585 |    499 |     86 |      0 |    476 |   1 |  585.0 |
          Lair |   9180 |   8730 |    450 |   3306 |   3762 |   6 | 1530.0 |
         Sewer |    649 |    649 |      0 |    347 |    145 |   1 |  649.0 |
        Bailey |   1813 |   1813 |      0 |   1090 |    131 |   1 | 1813.0 |
      Gauntlet |    826 |    826 |      0 |    247 |    120 |   1 |  826.0 |
               +--------+--------+--------+--------+--------+-----+--------+

Top non-repeatable levels by time:
  Lair:6: 3049 daAuts
    D:10: 2884 daAuts
     D:8: 2496 daAuts
    D:13: 2046 daAuts
     D:7: 1980 daAuts
     D:3: 1827 daAuts
     D:6: 1819 daAuts
  Bailey: 1813 daAuts
    D:12: 1708 daAuts
     D:4: 1671 daAuts
     D:5: 1601 daAuts
     D:9: 1575 daAuts
  Lair:3: 1487 daAuts
    D:11: 1477 daAuts
     D:1: 1353 daAuts
